 Dungeon Crawl Stone Soup version 0.23.2-33-g5129a83184 (webtiles) character file.

Game seed: 9875568097995939096

1386 AarnesTheHuman the Covered (level 8, -1/67 HPs)
             Began as a Barachi Fighter on Aug 5, 2019.
             Was an Initiate of Cheibriados.
             Slain by Joseph
             ... wielding a +0 quarterstaff
              (23 damage)
             ... on level 7 of the Dungeon.
             The game lasted 00:12:30 (5784 turns).

AarnesTheHuman the Covered (Barachi Fighter)        Turns: 5784, Time: 00:12:31

Health: -1/67      AC:  7    Str: 23    XL:     8   Next: 67%
Magic:  8/8        EV:  8    Int: 11    God:    Cheibriados [......]
Gold:   304        SH: 12    Dex: 12    Spells: 7/7 levels left

rFire    . . .     SeeInvis .   a - +1 long sword
rCold    . . .     Gourm    .   c - +1 shield
rNeg     . . .     Faith    .   b - +0 scale mail
rPois    .         Spirit   .   (no helmet)
rElec    .         Reflect  .   (no cloak)
rCorr    .         Harm     .   (no gloves)
MR       .....                  (no boots)
Stlth    ..........             (no amulet)
HPRegen  0.21/turn              t - +2 ring of slaying
MPRegen  0.11/turn              o - +3 ring of strength

@: very slow
A: +LOS, swims, slowness 1, strong legs 1
a: Hop, Bend Time, Renounce Religion


You were on level 7 of the Dungeon.
You worshipped Cheibriados.
Cheibriados was noncommittal.
You were not hungry.

You visited 1 branch of the dungeon, and saw 7 of its levels.

You collected 304 gold pieces.

Inventory:

Hand Weapons
 a - a +1 long sword (weapon)
Armour
 b - a +0 scale mail (worn)
 c - a +1 shield (worn)
Jewellery
 o - a +3 ring of strength (right hand)
 t - a +2 ring of slaying (left hand)
 u - an uncursed ring of protection from fire
Wands
 m - a wand of flame (9)
 q - a wand of polymorph (13)
 w - a wand of enslavement (6)
Scrolls
 g - a scroll of enchant weapon
 h - 5 scrolls of teleportation
 i - 5 scrolls of remove curse
 n - a scroll of immolation {unknown}
 x - a scroll of random uselessness {unknown}
 y - a scroll of amnesia
Potions
 d - 2 potions of might
 e - a potion of magic
 k - 4 potions of curing
 r - a potion of lignification
 s - 3 potions of brilliance
 v - a potion of resistance
Comestibles
 f - 9 rations
 j - 7 chunks of flesh


   Skills:
 + Level 7.1 Fighting
 + Level 6.6 Long Blades
 + Level 7.2 Armour
 + Level 6.5 Shields


You had 7 spell levels left.
You didn't know any spells.
Your spell library was empty.

Dungeon Overview and Level Annotations

Branches:
Dungeon (7/15)             Temple (0/1) D:6

Altars:
Cheibriados
Gozag
Kikubaaqudgha
Nemelex Xobeh
Qazlal
Uskayaw
Yredelemnul

Annotations:
D:6 1 runed translucent door, YoMomma's ghost, novice GrBe
D:7 Joseph


Innate Abilities, Weirdness & Mutations

Shadows flee at your approach. (+LOS)
You can swim through water.
You cover ground slowly.
You can hop short distances.


Message History

Joseph hits you with a +0 quarterstaff! You block the bullfrog zombie's attack.
Joseph misses you. The bullfrog zombie closely misses you.
You riposte.
You hit the bullfrog zombie.
The bullfrog zombie is lightly damaged.
Your shield and scale mail prevent you from hitting the bullfrog zombie.
The bullfrog zombie is lightly damaged.
You block Joseph's attack. The bullfrog zombie closely misses you.
You riposte.
You slash the bullfrog zombie!
The bullfrog zombie is heavily damaged.
Joseph closely misses you. You block the bullfrog zombie's attack.
The bullfrog zombie hits you but does no damage.
You block Joseph's attack. You block the bullfrog zombie's attack.
The bullfrog zombie barely misses you.
Joseph hits you with a +0 quarterstaff!!
* * * LOW HITPOINT WARNING * * *
You see here a sling bullet.
You feel much better. The bullfrog zombie hits you.
Joseph hits you with a +0 quarterstaff!!
You die...

... ##.# ...#####...# #
...........# . ..........
. #......#
############.....#
#................#
#.......@......#########
♣..(..<@Z....[..8.8.8.8.
♣..........((.[÷.........
♣..........#.#...÷♣.8.8.♣.
...≈≈≈.....#.#....########
[.≈≈≈≈≈....#.......# .....
..≈≈♣≈≈...........#.....@.
..≈≈≈≈≈...........+.......
...≈≈≈............##..$..:
♣.............#.... ....#


You could see Joseph (berserk) and a bullfrog zombie.

Vanquished Creatures
  Duvessa (D:7)
  2 ogres
  A phantom (D:4)
  A centaur (D:5)
  The ghost of Jabberih the Insei, an amateur MfTm (D:4)
  A bullfrog (D:3)
  Dowan (D:7)
  A howler monkey (D:5)
  3 crimson imps
  A jelly (D:5)
  3 hounds
  A bullfrog zombie (D:6)
  2 orc priests
  A bullfrog skeleton (D:4)
  Natasha (thrice) (D:4)
  An orc wizard (D:3)
  A worker ant (D:6)
  8 adders
  4 gnolls
  2 shadow imps
  2 oozes
  An adder skeleton (D:4)
  5 worms
  2 dart slugs
  3 leopard geckos
  12 orcs
  3 ball pythons
  4 giant cockroaches
  4 goblins
  7 hobgoblins
  5 jackals
  2 quokkas (D:3)
  8 bats
  A frilled lizard (D:5)
  7 kobolds
  A leopard gecko skeleton (D:5)
  A leopard gecko zombie (D:4)
  A quokka skeleton (D:4)
  A quokka zombie (D:5)
  6 rats
115 creatures vanquished.

Notes
Turn   | Place    | Note
-------+----------+-------------------------------------------
     0 | D:1      | AarnesTheHuman the Barachi Fighter began the quest for the
                  | Orb.
     0 | D:1      | Reached XP level 1. HP: 18/18 MP: 1/1
     0 | D:1      | Noticed a merfolk zombie
     7 | D:1      | Noticed a merfolk zombie
   160 | D:1      | Reached XP level 2. HP: 24/25 MP: 2/2
   655 | D:2      | Reached XP level 3. HP: 15/30 MP: 3/3
   970 | D:2      | Reached XP level 4. HP: 15/37 MP: 4/4
  1695 | D:3      | Noticed an ogre
  1701 | D:3      | Killed an ogre
  1701 | D:3      | Reached XP level 5. HP: 36/43 MP: 5/5
  1833 | D:3      | Reached skill level 5 in Fighting
  1833 | D:3      | Reached skill level 5 in Armour
  1833 | D:3      | Reached XP level 6. HP: 37/51 MP: 6/6
  2461 | D:4      | Found a stormy altar of Qazlal.
  2465 | D:4      | Found a basalt altar of Yredelemnul.
  2465 | D:4      | Found a hide-covered altar of Uskayaw.
  2467 | D:4      | Found a sparkling altar of Nemelex Xobeh.
  2469 | D:4      | Found a snail-covered altar of Cheibriados.
  2474 | D:4      | Found an ancient bone altar of Kikubaaqudgha.
  2631 | D:4      | Noticed a phantom
  2697 | D:4      | Killed a phantom
  2697 | D:4      | Reached skill level 5 in Shields
  2874 | D:4      | Reached XP level 7. HP: 47/56 MP: 7/7
  2879 | D:4      | Noticed Natasha
  2886 | D:4      | Killed Natasha
  2887 | D:4      | Noticed Natasha
  2905 | D:4      | Killed Natasha
  2994 | D:4      | Noticed Natasha
  3148 | D:4      | Killed Natasha
  3228 | D:4      | Reached skill level 5 in Long Blades
  3346 | D:4      | Found a runed translucent gate.
  3347 | D:4      | Found a runed translucent gate.
  3348 | D:4      | Found a runed translucent gate.
  3351 | D:4      | Noticed Jabberih's ghost (amateur MfTm)
  3375 | D:4      | Killed Jabberih's ghost
  3665 | D:5      | Entered Level 5 of the Dungeon
  4347 | D:5      | Found an opulent altar of Gozag.
  4476 | D:5      | Reached XP level 8. HP: 50/65 MP: 8/8
  4968 | D:4      | Became a worshipper of Cheibriados the Contemplative
  5348 | D:6      | Found a staircase to the Ecumenical Temple.
  5430 | D:6      | Found a runed translucent door.
  5432 | D:6      | Noticed YoMomma's ghost (novice GrBe)
  5615 | D:7      | Noticed Dowan
  5616 | D:7      | Noticed Duvessa
  5630 | D:7      | Killed Duvessa
  5637 | D:7      | Killed Dowan
  5659 | D:7      | Noticed Joseph
  5659 | D:7      | Noticed a two-headed ogre
  5783 | D:7      | HP: 3/67 [Joseph/+0 quarterstaff (19)]
  5784 | D:7      | Slain by Joseph

Skill      XL: |  1  2  3  4  5  6  7  8 |
---------------+-------------------------+-----
Fighting       | 4 5 6 7 |  7.1
Armour         | 4 5 6 7 |  7.2
Long Blades    | 3 4 5 6 |  6.6
Shields        | 4 5 6 |  6.5

Action                   |  1- 3 |  4- 6 |  7- 9 || total
-------------------------+-------+-------+-------++-------
Melee: Long sword        |    90 |   196 |   208 ||   494
  Use: Scroll            |       |    12 |     3 ||    15
       Potion            |       |       |     2 ||     2
  Eat: Chunk             |     1 |     6 |     5 ||    12
       Ration            |       |       |     2 ||     2
Armor: Scale mail        |    65 |    75 |    73 ||   213
Dodge: Dodged            |    38 |    57 |    71 ||   166
Block: Shield            |    66 |   122 |   145 ||   333
       Rpst.: Long sword |    10 |    23 |    15 ||    48
